 Dungeon Crawl Stone Soup version 0.17.0-24-gcfadda4 (webtiles) character file.

3280 Ohshi the Thaumaturge (level 9, -12/45 HPs)
             Began as a Deep Elf Fire Elementalist on Nov 16, 2015.
             Mangled by an ogre
             ... wielding a +0 giant spiked club
              (33 damage)
             ... on level 7 of the Dungeon.
             The game lasted 00:31:54 (6139 turns).

Ohshi the Thaumaturge (Deep Elf Fire Elementalist)  Turns: 6139, Time: 00:31:54

Health: -12/45     AC:  4    Str:  5    XL:     9   Next: 69%
Magic:  21/25      EV: 14    Int: 24    God:
Gold:   228        SH:  0    Dex: 15    Spells: 5 memorised, 14 levels left

rFire  + . .     SeeInvis +     i - +2 dagger (flame)
rCold  . . .     Clarity  .     a - +0 robe
rNeg   . . .     SustAt   .     (no shield)
rPois  .         Gourm    .     c - +0 helmet {SInv}
rElec  .         Spirit   .     (no cloak)
rCorr  .         Warding  .     n - +0 pair of gloves
rMut   .         Stasis   .     (no boots)
MR     .....                    (no amulet)
Stlth  +++.......               q - ring of fire
                                u - ring of protection from cold

@: not resistant to hostile enchantments, fairly stealthy
A: no striking features
a: no special abilities


You were on level 7 of the Dungeon.
You were not hungry.

You visited 1 branch of the dungeon, and saw 7 of its levels.

You collected 228 gold pieces.

Inventory:

Hand Weapons
 i - a +2 dagger of flaming (weapon)
Armour
 a - a +0 robe (worn)
 c - a +0 helmet of see invisible (worn)
 n - a +0 pair of gloves (worn)
Jewellery
 q - a ring of fire (right hand)
 u - a ring of protection from cold (left hand)
Wands
 r - a wand of lightning (10) (quivered)
Scrolls
 d - 2 scrolls of fog {unknown}
 e - a scroll of teleportation {unknown}
 f - a scroll of amnesia {unknown}
 h - 3 scrolls of identify
 l - 2 scrolls of blinking {unknown}
 m - a scroll of noise {unknown}
 o - 2 scrolls of remove curse
 p - a scroll of fear {unknown}
 t - 2 scrolls of enchant weapon {unknown}
 y - a scroll of enchant armour {unknown}
 D - a scroll of immolation {unknown}
Potions
 g - 5 potions of curing
 k - 3 potions of agility {unknown}
 s - 2 potions of brilliance {unknown}
 v - a potion of poison {unknown}
 w - a potion of flight {unknown}
 x - 2 potions of haste {unknown}
 z - a potion of resistance {unknown}
 A - a potion of mutation {unknown}
 C - a potion of magic {unknown}
Books
 b - a book of Flames

   Spells                             Type                      Level
   a - Flame Tongue                   Conjuration/Fire             1
   b - Throw Flame                    Conjuration/Fire             2
   c - Conjure Flame                  Conjuration/Fire             3
   d - Inner Flame                    Hexes/Fire                   3
   e - Sticky Flame                   Conjuration/Fire             4
   f - Fireball                       Conjuration/Fire             5
 B - a book of Unlife

   Spells                             Type                      Level
   a - Recall                         Summoning/Translocation      3
   b - Animate Dead                   Necromancy                   4
   c - Control Undead                 Necromancy                   4
   d - Cigotuvi's Embrace             Necromancy                   5
   e - Death Channel                  Necromancy                   6
   f - Simulacrum                     Ice/Necromancy               6
Comestibles
 j - 4 meat rations


   Skills:
 + Level 0.2 Fighting
 + Level 0.2 Short Blades
 + Level 4.4 Dodging
 + Level 4.8 Stealth
 + Level 10.7 Spellcasting
 + Level 7.4 Conjurations
 + Level 9.0 Fire Magic


You had 14 spell levels left.
You knew the following spells:

 Your Spells              Type           Power        Failure   Level  Hunger
a - Flame Tongue          Conj/Fire      #####        1%          1    None
b - Throw Flame           Conj/Fire      ######       1%          2    None
c - Conjure Flame         Conj/Fire      ######..     1%          3    None
d - Sticky Flame          Conj/Fire      ######..     1%          4    None
e - Fireball              Conj/Fire      ######....   6%          5    ####...


Dungeon Overview and Level Annotations

Branches:
Dungeon (7/15)
 Temple: D:4-7

Altars:
Ashenzari
Dithmenos
Fedhas
Kikubaaqudgha
Nemelex Xobeh
Okawaru
Yredelemnul
Zin
The Shining One


Message History

Quiver which item? (- for none, * to show all) (? for menu, Esc to quit)
Quivering
r - a wand of lightning for throwing.
That item cannot be evoked!
An ogre comes into view. It is wielding a giant spiked club.
The ogre shouts!
The ogre misses you.
The ogre hits you with a giant spiked club!!
Casting: Flame Tongue
Confirm with . or Enter, or press ? or * to list all spells.
Aiming: Sticky Flame
Press: ? - help, Shift-Dir - straight line, f - ogre
Aim: an ogre, wielding a giant spiked club You feel a surge of power!
The sticky flame hits the ogre.
The ogre is heavily wounded.
The ogre is covered in liquid flames!
The ogre burns!
The ogre hits you with a giant spiked club.
The ogre burns!
The ogre hits you with a giant spiked club!!
Ouch! That really hurt!
You die...

##..####.# #.......#
#....>..# ##.......#
#........# #.......##
#.......##########
#.O...............
####@.....###########
#.........#
###......## #.....##
#.....# #....###
#......## #.>.....###
#....†....###


You could see an ogre (burning).

Vanquished Creatures
  The ghost of dorian the Arsonist, a novice OpFE of Vehumet (D:7)
  Joseph (D:7)
  A troll (D:5)
  Grinder (D:5)
  2 orc warriors
  A sky beast (D:7)
  4 ogres
  A phantom (D:7)
  A centaur (D:6)
  A necrophage (D:6)
  A big kobold (D:7)
  A giant frog (D:6)
  2 scorpions (D:4)
  9 orc priests
  3 hounds
  6 orc wizards
  6 worker ants
  A hound zombie (D:5)
  2 hound skeletons (D:4)
  8 adders
  3 oozes
  An adder zombie (D:6)
  4 giant geckos
  15 orcs
  A ball python (D:3)
  6 hobgoblins
  3 quokkas
  12 bats
  2 giant cockroaches
  4 giant newts
  7 goblins
  2 jackals (D:2)
  14 kobolds
  2 quokka skeletons
  9 rats
138 creatures vanquished.

Notes
Turn   | Place    | Note
--------------------------------------------------------------
     0 | D:1      | Ohshi the Deep Elf Fire Elementalist began the quest for the Orb.
     0 | D:1      | Reached XP level 1. HP: 10/10 MP: 6/6
   123 | D:1      | Reached XP level 2. HP: 15/15 MP: 5/8
   730 | D:2      | Reached skill level 4 in Fire Magic
   730 | D:2      | Reached XP level 3. HP: 19/19 MP: 5/9
  1127 | D:2      | Reached XP level 4. HP: 20/24 MP: 5/11
  1676 | D:3      | Learned a level 2 spell: Throw Flame
  1680 | D:3      | Learned a level 3 spell: Conjure Flame
  1685 | D:3      | Learned a level 4 spell: Sticky Flame
  1793 | D:3      | Reached XP level 5. HP: 22/28 MP: 5/13
  2298 | D:4      | Reached skill level 5 in Spellcasting
  2410 | D:4      | Reached XP level 6. HP: 21/32 MP: 4/16
  2517 | D:4      | Reached skill level 5 in Fire Magic
  2618 | D:4      | Noticed an ogre
  2625 | D:4      | Killed an ogre
  2772 | D:4      | Reached skill level 6 in Spellcasting
  2969 | D:4      | Found a basalt altar of Yredelemnul.
  2978 | D:4      | Found a glowing golden altar of the Shining One.
  3006 | D:4      | Reached XP level 7. HP: 36/36 MP: 15/18
  3017 | D:4      | Learned a level 5 spell: Fireball
  3031 | D:4      | Found a shattered altar of Ashenzari.
  3207 | D:4      | Found a blossoming altar of Fedhas.
  3260 | D:4      | Noticed an angel
  3281 | D:5      | Entered Level 5 of the Dungeon
  3387 | D:5      | Found a shadowy altar of Dithmenos.
  3441 | D:5      | Noticed Grinder
  3451 | D:5      | Paralysed by Grinder for 6 turns
  3459 | D:5      | Killed Grinder
  3459 | D:5      | Reached skill level 7 in Spellcasting
  3630 | D:5      | Noticed a troll
  3651 | D:5      | Killed a troll
  3651 | D:5      | Reached skill level 5 in Conjurations
  3651 | D:5      | Reached XP level 8. HP: 41/41 MP: 7/21
  3940 | D:6      | Reached skill level 8 in Spellcasting
  4430 | D:6      | Found an ancient bone altar of Kikubaaqudgha.
  4603 | D:6      | Reached skill level 9 in Spellcasting
  4679 | D:6      | Found an iron altar of Okawaru.
  4790 | D:7      | Noticed dorian's ghost (novice OpFE)
  5191 | D:7      | Found a sparkling altar of Nemelex Xobeh.
  5449 | D:7      | Reached XP level 9. HP: 45/45 MP: 18/24
  5513 | D:7      | Killed dorian's ghost
  5513 | D:7      | Reached skill level 10 in Spellcasting
  5664 | D:7      | Noticed Joseph
  5666 | D:7      | Found a glowing silver altar of Zin.
  5670 | D:7      | Killed Joseph
  6139 | D:7      | Mangled by an ogre

Action                   |  1- 3 |  4- 6 |  7- 9 || total
-------------------------+-------+-------+-------++-------
Melee: Dagger            |     2 |     8 |     6 ||    16
 Cast: Flame Tongue      |    56 |    94 |   104 ||   254
       Conjure Flame     |       |     8 |     8 ||    16
       Throw Flame       |       |     6 |     1 ||     7
       Sticky Flame      |       |       |     8 ||     8
       Fireball          |       |       |    17 ||    17
  Use: Scroll            |       |     2 |       ||     2
       Potion            |       |     1 |       ||     1
  Eat: Bread ration      |       |     2 |     1 ||     3
       Beef jerky        |       |     1 |       ||     1
       Meat ration       |       |       |     1 ||     1
       Royal jelly       |       |       |     1 ||     1
